AoeStats
← Naattt

Arabia

508011545Analyzed
3v3 RM · 13d ago on Sep 20, 2026· 50m 19s· 6 players
Game mode
Random Map
Map size
Normal (6 player)
Population
200
Speed
Normal
Resources
Standard
Victory
Conquest
Starting age
Dark Age
Ending age
Imperial Age
RankedLock teamsTeams togetherTeam positionsShared explorationLock speedFull tech treeHidden civsTurbo modeCheats
Victory
Defeat
🇨🇦 Chinese · Canada
1175
+16
🇨🇴 Magyars · Colombia
1165
+17
🇨🇴 Portuguese · Colombia
1120
+18
🇬🇧 Portuguese · United Kingdom
1180
-17
🇬🇧 Maya · United Kingdom
1180
-17
🇬🇧 Britons · United Kingdom
1179
-17
Argote
7:53 Loom
10:03 Feudal Age
16:21 Padded Archer Armor
16:11 Fletching
18:15 Double-Bit Axe
18:16 Horse Collar
24:42 Castle Age
23:24 Gold Mining
23:25 Stone Mining
25:34 Bodkin Arrow
25:54 Leather Archer Armor
25:00 Crossbowman
25:46 Thumb Ring
28:12 Bow Saw
28:03 Heavy Plow
28:17 Scale Mail Armor
28:27 Forging
29:41 Wheelbarrow
33:37 Elite Skirmisher
35:55 Hand Cart
38:12 Imperial Age
36:26 Town Watch
38:47 Circumnavigation
39:38 Arbalester
42:35 Bracer
42:55 Town Patrol
43:44 Conscription
43:02 Elite Organ Gun
45:01 Arquebus
45:55 Chain Mail Armor
46:19 Ring Archer Armor
46:19 Ballistics
46:59 Chemistry
46:09 Arson
46:09 Pikeman
46:36 Gambesons
50:08 Plate Mail Armor
50:13 Iron Casting
49:45 Scale Barding Armor
49:13 Halberdier
49:14 Man-at-Arms
danielcv1112
6:40 Loom
9:44 Feudal Age
10:23 Double-Bit Axe
11:48 Town Watch
15:03 Horse Collar
22:06 Castle Age
20:13 Scale Barding Armor
20:24 Bloodlines
22:52 Husbandry
24:03 Chain Barding Armor
24:32 Gold Mining
29:19 Wheelbarrow
42:35 Imperial Age
41:35 Devotion
42:41 Cavalier
45:22 Plate Barding Armor
Naattt
0:27 Loom
8:59 Feudal Age
11:30 Double-Bit Axe
11:31 Horse Collar
14:04 Fletching
24:56 Castle Age
24:26 Padded Archer Armor
26:21 Bodkin Arrow
26:33 Thumb Ring
25:58 Crossbowman
26:57 Bow Saw
33:59 Ballistics
41:35 Imperial Age
40:55 Leather Archer Armor
41:37 Arbalester
42:31 Bracer
43:02 Ring Archer Armor
44:24 Chemistry
46:29 Elite Skirmisher
ScotJ
5:44 Loom
9:09 Feudal Age
9:32 Horse Collar
9:38 Double-Bit Axe
16:36 Bloodlines
18:34 Wheelbarrow
22:26 Castle Age
20:36 Gold Mining
22:07 Scale Barding Armor
23:11 Husbandry
23:34 Chain Barding Armor
23:38 Bow Saw
23:30 Heavy Plow
26:39 Forging
27:28 Hand Cart
28:28 Town Watch
30:03 Iron Casting
35:53 Imperial Age
33:42 Stone Mining
33:56 Fletching
35:54 Cavalier
37:19 Plate Barding Armor
40:56 Blast Furnace
40:45 Bodkin Arrow
42:15 Chemistry
42:40 Conscription
43:26 Light Cavalry
46:47 Padded Archer Armor
47:47 Pikeman
48:29 Scale Mail Armor
49:48 Chain Mail Armor
49:45 Bracer
49:26 Halberdier
Nate The Great
6:55 Loom
9:29 Feudal Age
11:56 Double-Bit Axe
12:32 Horse Collar
13:20 Fletching
20:35 Castle Age
18:45 Padded Archer Armor
20:41 Crossbowman
21:17 Bodkin Arrow
23:55 Bow Saw
23:46 Heavy Plow
23:37 Gold Mining
39:27 Wheelbarrow
39:29 Gold Shaft Mining
41:23 Ballistics
44:27 Imperial Age
42:43 Hand Cart
43:45 Yeomen
44:27 Arbalester
45:09 Bracer
45:25 Leather Archer Armor
45:57 Conscription
50:02 Chemistry
49:45 Ring Archer Armor
leech
0:25 Loom
9:54 Feudal Age
16:11 Double-Bit Axe
16:07 Horse Collar
17:43 Wheelbarrow
19:35 Fletching
23:35 Castle Age
23:22 Padded Archer Armor
24:25 Bow Saw
24:16 Heavy Plow
24:08 Gold Mining
24:33 Bodkin Arrow
24:00 Elite Skirmisher
25:19 Leather Archer Armor
26:07 Crossbowman
27:39 Thumb Ring
30:14 Stone Mining
31:22 Hand Cart
35:23 Murder Holes
36:26 Stone Shaft Mining
36:35 Ballistics
37:46 Hul'che Javelineers
38:38 Scale Mail Armor
38:49 Forging
39:34 Chain Mail Armor
39:25 Squires
39:10 Arson
38:52 Eagle Warrior
41:07 Iron Casting
44:19 Imperial Age
45:03 Elite Eagle Warrior
46:28 Conscription
46:41 Holcans
48:01 Two-Man Saw
47:32 Crop Rotation
46:25 Pikeman
Connection lost

Rejoining the realm…

Still unreachable

The connection could not be restored.

Session expired

The server has moved on; the page needs a fresh start.